[ AOE2 MATCH · #483726053 ]
UnrankedBurgundians vs Ethiopians
[ REPLAY ANALYSIS · EXTRACTED FROM THE RECORDED GAME ]
Feudal
17:39
Castle
22:06
Imperial
45:18
| APM avg | 23.0 |
| APM peak | 53 |
| eAPM avg | 12.7 |
| Villagers / military | 110 / 384 |
Focus
⚔️ 55.4% · 🌾 44.6%
Coustillier ×156 · Militia ×77 · Knight ×67 · Hand Cannoneer ×32 · Flemish Militia ×25 · Trade Cart ×15
Feudal
—
Castle
—
Imperial
—
| APM avg | 15.8 |
| APM peak | 38 |
| eAPM avg | 11.7 |
| Villagers / military | 96 / 41 |
Focus
⚔️ 59.6% · 🌾 40.4%
Unknown (1974) ×249 · Spearman ×38 · Unknown (1942) ×30 · Battering Ram ×3 · Unknown (1978) ×1
Feudal
11:15
Castle
15:32
Imperial
31:59
| APM avg | 40.3 |
| APM peak | 122 |
| eAPM avg | 27.6 |
| Villagers / military | 129 / 1012 |
Focus
⚔️ 62.5% · 🌾 37.5%
Spearman ×601 · Scout Cavalry ×158 · Archer ×108 · Skirmisher ×87 · Scorpion ×32 · Bombard Cannon ×18
Feudal
10:45
Castle
23:00
Imperial
—
| APM avg | 5.2 |
| APM peak | 42 |
| eAPM avg | 2.6 |
| Villagers / military | 35 / 34 |
Focus
⚔️ 30.2% · 🌾 69.8%
Spearman ×27 · Knight ×7
Match map
Initial resources + every placement click. Lines = walls · curves = elevation contours. ◆ gold · ⬟ stone · ● berries · ✦ relic · ◌ wall gap
Your base· ✓ Closed at 22:06 · 0t walls · 2 gate(s)
zab_crew's base· ✓ Closed at 20:33 · 0t walls · 2 gate(s)
Koatí's base· ✓ Closed at 15:32 · 0t walls · 2 gate(s)
Itadori's base· ✓ Closed at 23:00 · 0t walls · 2 gate(s)
Smoothed initial terrain · ◌ = detected wall gap · hover for details
Inputs per minute
— anoastral - - zab_crew
Build order — anoastral
First 150 of 655 actions detected
| 0:14 | Build | House |
| 0:17 | Build | House |
| 0:27 | Create | Villager (Male) |
| 0:27 | Create | Villager (Male) |
| 0:27 | Create | Villager (Male) |
| 0:28 | Create | Villager (Male) |
| 0:28 | Create | Villager (Male) |
| 1:56 | Create | Villager (Male) |
| 1:57 | Create | Villager (Male) |
| 2:16 | Research | Loom |
| 2:37 | Create | Villager (Male) |
| 3:04 | Create | Villager (Male) |
| 3:24 | Create | Villager (Male) |
| 3:24 | Create | Villager (Male) |
| 3:54 | Create | Villager (Male) |
| 4:27 | Create | Villager (Male) |
| 4:32 | Create | Villager (Male) |
| 4:42 | Build | House |
| 4:47 | Build | House |
| 5:04 | Create | Villager (Male) |
| 5:29 | Build | Mining Camp |
| 5:32 | Create | Villager (Male) |
| 5:32 | Create | Villager (Male) |
| 6:05 | Create | Villager (Male) |
| 6:22 | Build | Mill |
| 6:35 | Create | Villager (Male) |
| 7:04 | Build | Lumber Camp |
| 7:13 | Create | Villager (Male) |
| 7:34 | Create | Villager (Male) |
| 7:35 | Create | Villager (Male) |
| 8:55 | Create | Villager (Male) |
| 8:57 | Create | Villager (Male) |
| 9:10 | Build | House |
| 9:20 | Research | Double-Bit Axe |
| 10:30 | Build | Farm |
| 10:39 | Create | Villager (Male) |
| 10:39 | Create | Villager (Male) |
| 10:39 | Create | Villager (Male) |
| 10:40 | Create | Villager (Male) |
| 11:16 | Create | Villager (Male) |
| 11:43 | Build | House |
| 12:23 | Research | Wheelbarrow |
| 12:29 | Create | Villager (Male) |
| 12:42 | Build | Barracks |
| 14:05 | Build | House |
| 14:26 | Create | Villager (Male) |
| 14:46 | Build | Barracks |
| 14:54 | Create | Villager (Male) |
| 15:05 | Build | Farm |
| 15:29 | Research | Feudal Age |
| 16:05 | Create | Villager (Male) |
| 16:33 | Research | Gold Mining |
| 16:33 | Research | Stone Mining |
| 16:39 | Research | Horse Collar |
| 17:39 | Age | Feudal Age |
| 17:56 | Build | Market |
| 18:13 | Build | Blacksmith |
| 19:02 | Build | Farm |
| 19:03 | Build | Farm |
| 19:05 | Build | Farm |
| 19:08 | Build | Farm |
| 19:26 | Research | Castle Age |
| 20:42 | Build | Stable |
| 20:46 | Build | Stable |
| 20:50 | Build | Stable |
| 20:55 | Build | Stable |
| 21:10 | Build | Barracks |
| 21:22 | Build | Barracks |
| 21:35 | Build | Farm |
| 21:37 | Build | Farm |
| 21:39 | Build | Farm |
| 22:06 | Age | Castle Age |
| 22:12 | Build | Farm |
| 22:13 | Build | Farm |
| 22:16 | Build | Farm |
| 22:18 | Build | Farm |
| 22:22 | Build | Farm |
| 22:30 | Research | Cavalier (upgrade) |
| 22:38 | Create | Knight |
| 22:38 | Create | Knight |
| 22:39 | Create | Knight |
| 23:14 | Build | Farm |
| 23:59 | Build | Town Center |
| 25:30 | Create | Villager (Male) |
| 25:31 | Create | Villager (Male) |
| 25:31 | Create | Villager (Male) |
| 25:31 | Create | Villager (Male) |
| 25:31 | Create | Villager (Male) |
| 25:32 | Create | Villager (Male) |
| 25:32 | Create | Villager (Male) |
| 25:32 | Create | Villager (Male) |
| 25:32 | Create | Villager (Male) |
| 26:05 | Build | Castle |
| 26:18 | Build | Farm |
| 26:25 | Create | Villager (Male) |
| 26:26 | Create | Villager (Male) |
| 26:26 | Create | Villager (Male) |
| 26:26 | Create | Villager (Male) |
| 26:26 | Create | Villager (Male) |
| 26:27 | Create | Villager (Male) |
| 26:27 | Create | Villager (Male) |
| 26:27 | Create | Villager (Male) |
| 26:28 | Create | Villager (Male) |
| 26:28 | Create | Villager (Male) |
| 26:28 | Create | Villager (Male) |
| 26:32 | Create | Knight |
| 26:33 | Create | Knight |
| 26:36 | Research | Husbandry |
| 26:41 | Research | Forging |
| 26:43 | Research | Scale Barding Armor |
| 27:01 | Build | Monastery |
| 27:43 | Create | Monk |
| 27:43 | Create | Monk |
| 28:10 | Build | House |
| 28:11 | Build | House |
| 28:13 | Build | House |
| 28:35 | Create | Knight |
| 28:35 | Create | Knight |
| 28:50 | Create | Villager (Male) |
| 29:02 | Build | Town Center |
| 29:44 | Build | Archery Range |
| 29:48 | Build | Archery Range |
| 30:07 | Create | Knight |
| 30:08 | Create | Knight |
| 30:08 | Create | Knight |
| 30:16 | Research | Gold Shaft Mining |
| 30:30 | Create | Villager (Male) |
| 30:30 | Create | Villager (Male) |
| 30:31 | Create | Villager (Male) |
| 30:31 | Create | Villager (Male) |
| 30:31 | Create | Villager (Male) |
| 30:32 | Create | Villager (Male) |
| 30:32 | Create | Villager (Male) |
| 30:32 | Create | Villager (Male) |
| 30:33 | Create | Villager (Male) |
| 30:40 | Create | Villager (Male) |
| 30:40 | Create | Villager (Male) |
| 30:41 | Create | Villager (Male) |
| 30:41 | Create | Villager (Male) |
| 30:41 | Create | Villager (Male) |
| 30:47 | Research | Hand Cart |
| 30:48 | Research | Town Watch |
| 30:49 | Research | Loom |
| 31:52 | Build | Archery Range |
| 31:59 | Build | Archery Range |
| 33:03 | Create | Villager (Male) |
| 33:03 | Create | Villager (Male) |
| 33:03 | Create | Villager (Male) |
| 33:03 | Create | Villager (Male) |
| 33:04 | Create | Villager (Male) |
Build order — zab_crew
First 150 of 614 actions detected
| 0:01 | Create | Villager (Male) |
| 0:01 | Create | Villager (Male) |
| 0:02 | Create | Villager (Male) |
| 0:02 | Create | Villager (Male) |
| 0:02 | Create | Villager (Male) |
| 0:41 | Build | House |
| 0:46 | Build | House |
| 0:49 | Build | House |
| 0:50 | Build | House |
| 0:52 | Build | House |
| 0:54 | Build | House |
| 2:02 | Create | Villager (Male) |
| 2:49 | Create | Villager (Male) |
| 3:16 | Create | Villager (Male) |
| 3:43 | Create | Villager (Male) |
| 3:43 | Create | Villager (Male) |
| 4:15 | Create | Villager (Male) |
| 4:53 | Create | Villager (Male) |
| 4:53 | Create | Villager (Male) |
| 5:04 | Build | Mill |
| 5:22 | Create | Villager (Male) |
| 5:23 | Create | Villager (Male) |
| 5:31 | Build | Mining Camp |
| 5:50 | Create | Villager (Male) |
| 6:22 | Create | Villager (Male) |
| 6:23 | Create | Villager (Male) |
| 6:56 | Create | Villager (Male) |
| 7:24 | Create | Villager (Male) |
| 7:40 | Create | Villager (Male) |
| 8:02 | Build | Mining Camp |
| 8:17 | Research | Loom |
| 8:24 | Build | Lumber Camp |
| 9:04 | Create | Villager (Male) |
| 9:06 | Create | Villager (Male) |
| 10:01 | Create | Villager (Male) |
| 10:14 | Build | Barracks |
| 10:39 | Create | Villager (Male) |
| 11:14 | Build | Barracks |
| 11:34 | Create | Villager (Male) |
| 11:36 | Create | Villager (Male) |
| 11:39 | Create | Villager (Male) |
| 11:49 | Build | House |
| 11:51 | Build | House |
| 11:53 | Build | House |
| 11:55 | Build | House |
| 11:57 | Build | House |
| 11:58 | Build | House |
| 12:00 | Build | House |
| 12:03 | Build | House |
| 12:19 | Research | Feudal Age |
| 13:06 | Build | Mill |
| 14:10 | Build | Barracks |
| 14:13 | Build | Barracks |
| 14:20 | Build | Barracks |
| 15:04 | Build | Market |
| 15:13 | Research | Double-Bit Axe |
| 15:14 | Research | Wheelbarrow |
| 15:17 | Research | Horse Collar |
| 16:19 | Build | Stable |
| 16:30 | Build | Blacksmith |
| 16:35 | Create | Villager (Male) |
| 16:38 | Research | Town Watch |
| 17:30 | Build | Stable |
| 17:32 | Build | Stable |
| 17:34 | Build | Stable |
| 17:44 | Build | Farm |
| 18:10 | Create | Villager (Male) |
| 18:42 | Build | Farm |
| 18:48 | Create | Villager (Male) |
| 19:15 | Build | Barracks |
| 19:17 | Build | Barracks |
| 19:21 | Build | Barracks |
| 19:28 | Build | Farm |
| 19:38 | Build | Stable |
| 19:42 | Create | Villager (Male) |
| 19:46 | Create | Villager (Male) |
| 20:13 | Build | Farm |
| 20:21 | Create | Villager (Male) |
| 20:33 | Research | Castle Age |
| 20:44 | Build | Mining Camp |
| 20:51 | Build | Farm |
| 21:02 | Build | Farm |
| 21:50 | Build | Farm |
| 21:51 | Build | Farm |
| 21:58 | Build | Farm |
| 21:59 | Build | Farm |
| 22:03 | Build | Farm |
| 22:05 | Build | Farm |
| 22:09 | Build | Farm |
| 22:11 | Build | Farm |
| 22:44 | Build | Barracks |
| 22:48 | Build | Barracks |
| 23:01 | Create | Spearman |
| 23:04 | Create | Spearman |
| 24:00 | Build | Barracks |
| 24:10 | Build | Barracks |
| 24:17 | Research | Arson |
| 24:23 | Create | Unit 1974 |
| 24:23 | Create | Unit 1974 |
| 24:24 | Create | Unit 1974 |
| 24:24 | Create | Unit 1974 |
| 24:24 | Create | Unit 1974 |
| 24:24 | Create | Unit 1974 |
| 24:24 | Create | Unit 1974 |
| 24:24 | Create | Unit 1974 |
| 24:24 | Create | Unit 1974 |
| 24:25 | Create | Unit 1974 |
| 24:25 | Create | Unit 1974 |
| 24:25 | Create | Unit 1974 |
| 24:25 | Create | Unit 1974 |
| 24:25 | Create | Unit 1974 |
| 24:25 | Create | Unit 1974 |
| 24:25 | Create | Unit 1974 |
| 24:25 | Create | Unit 1974 |
| 24:26 | Create | Unit 1974 |
| 24:26 | Create | Unit 1974 |
| 24:26 | Create | Unit 1974 |
| 24:41 | Build | Town Center |
| 25:12 | Research | Scale Mail Armor |
| 25:14 | Research | Forging |
| 25:17 | Research | Squires |
| 25:30 | Create | Villager (Male) |
| 25:31 | Create | Villager (Male) |
| 25:31 | Create | Villager (Male) |
| 26:13 | Create | Villager (Male) |
| 26:47 | Create | Villager (Male) |
| 26:47 | Create | Villager (Male) |
| 26:48 | Create | Villager (Male) |
| 26:49 | Create | Villager (Male) |
| 26:49 | Create | Villager (Male) |
| 26:58 | Create | Villager (Male) |
| 27:10 | Research | Chain Mail Armor |
| 28:11 | Build | Castle |
| 28:50 | Build | Town Center |
| 28:56 | Research | Hand Cart |
| 28:59 | Research | Heavy Plow |
| 29:11 | Build | Lumber Camp |
| 29:35 | Build | Siege Workshop |
| 30:09 | Create | Battering Ram |
| 30:19 | Build | Siege Workshop |
| 30:30 | Research | Iron Casting |
| 30:44 | Create | Villager (Male) |
| 30:45 | Create | Villager (Male) |
| 30:45 | Create | Villager (Male) |
| 30:46 | Create | Villager (Male) |
| 30:47 | Create | Villager (Male) |
| 30:47 | Create | Villager (Male) |
| 30:58 | Build | Mining Camp |
| 31:04 | Build | Mining Camp |
| 31:19 | Build | Farm |
Build order — Koatí
First 150 of 1425 actions detected
| 0:01 | Create | Villager (Male) |
| 0:02 | Create | Villager (Male) |
| 0:02 | Create | Villager (Male) |
| 0:02 | Create | Villager (Male) |
| 0:04 | Build | House |
| 0:24 | Build | House |
| 0:25 | Build | House |
| 1:36 | Create | Villager (Male) |
| 2:03 | Create | Villager (Male) |
| 2:29 | Build | Lumber Camp |
| 2:54 | Create | Villager (Male) |
| 3:22 | Create | Villager (Male) |
| 3:50 | Create | Villager (Male) |
| 4:20 | Create | Villager (Male) |
| 4:25 | Create | Villager (Male) |
| 4:25 | Create | Villager (Male) |
| 5:01 | Create | Villager (Male) |
| 5:29 | Build | Mill |
| 5:50 | Create | Villager (Male) |
| 6:27 | Create | Villager (Male) |
| 6:27 | Create | Villager (Male) |
| 6:54 | Build | Mill |
| 7:02 | Create | Villager (Male) |
| 7:25 | Build | House |
| 8:08 | Create | Villager (Male) |
| 8:36 | Create | Villager (Male) |
| 9:00 | Create | Villager (Male) |
| 9:05 | Research | Feudal Age |
| 10:34 | Build | Barracks |
| 11:15 | Age | Feudal Age |
| 11:22 | Create | Villager (Male) |
| 11:35 | Build | Blacksmith |
| 11:41 | Build | Stable |
| 11:58 | Create | Villager (Male) |
| 12:28 | Create | Villager (Male) |
| 12:33 | Create | Villager (Male) |
| 12:49 | Research | Castle Age |
| 12:52 | Research | Castle Age |
| 12:56 | Research | Wheelbarrow |
| 13:08 | Build | Farm |
| 13:08 | Build | Farm |
| 13:09 | Build | Farm |
| 13:10 | Build | Farm |
| 13:11 | Build | Farm |
| 13:12 | Build | Farm |
| 13:27 | Build | Lumber Camp |
| 14:18 | Create | Scout Cavalry |
| 14:23 | Create | Scout Cavalry |
| 14:25 | Build | House |
| 14:27 | Build | House |
| 14:28 | Build | House |
| 14:43 | Build | House |
| 14:44 | Build | House |
| 14:45 | Build | House |
| 14:47 | Build | House |
| 15:32 | Age | Castle Age |
| 16:07 | Build | Town Center |
| 16:14 | Research | Double-Bit Axe |
| 16:21 | Create | Villager (Male) |
| 16:23 | Create | Villager (Male) |
| 16:25 | Create | Villager (Male) |
| 16:48 | Build | Mining Camp |
| 16:56 | Create | Villager (Male) |
| 18:17 | Build | Monastery |
| 18:26 | Research | Bow Saw |
| 18:30 | Create | Villager (Male) |
| 18:31 | Create | Villager (Male) |
| 18:31 | Create | Villager (Male) |
| 18:34 | Research | Hand Cart |
| 18:51 | Create | Monk |
| 19:04 | Create | Villager (Male) |
| 19:11 | Create | Villager (Male) |
| 20:09 | Create | Villager (Male) |
| 20:10 | Create | Villager (Male) |
| 20:13 | Create | Villager (Male) |
| 20:20 | Build | Town Center |
| 20:29 | Build | University |
| 20:36 | Build | University |
| 20:51 | Create | Villager (Male) |
| 21:12 | Build | Farm |
| 21:12 | Build | Farm |
| 21:12 | Build | Farm |
| 21:13 | Build | Farm |
| 21:13 | Build | Farm |
| 21:13 | Build | Farm |
| 21:14 | Build | Farm |
| 21:15 | Build | Farm |
| 21:23 | Build | Farm |
| 21:23 | Build | Farm |
| 21:23 | Build | Farm |
| 21:24 | Build | Farm |
| 21:24 | Build | Farm |
| 21:24 | Build | Farm |
| 21:24 | Build | Farm |
| 21:37 | Create | Monk |
| 21:50 | Build | Farm |
| 21:56 | Create | Villager (Male) |
| 21:57 | Create | Villager (Male) |
| 21:59 | Create | Villager (Male) |
| 22:42 | Create | Villager (Male) |
| 22:44 | Create | Villager (Male) |
| 22:52 | Build | Farm |
| 22:53 | Build | Farm |
| 23:11 | Build | Farm |
| 23:12 | Build | Farm |
| 23:16 | Build | Farm |
| 23:19 | Create | Villager (Male) |
| 23:21 | Create | Villager (Male) |
| 23:22 | Create | Villager (Male) |
| 23:23 | Create | Villager (Male) |
| 23:27 | Create | Villager (Male) |
| 23:27 | Create | Villager (Male) |
| 24:27 | Create | Villager (Male) |
| 24:27 | Create | Villager (Male) |
| 24:29 | Create | Villager (Male) |
| 24:29 | Create | Villager (Male) |
| 24:33 | Create | Villager (Male) |
| 24:33 | Create | Villager (Male) |
| 25:20 | Create | Spearman |
| 25:20 | Research | Squires |
| 25:21 | Create | Spearman |
| 25:22 | Create | Spearman |
| 25:23 | Create | Spearman |
| 25:23 | Create | Spearman |
| 25:24 | Create | Spearman |
| 25:27 | Create | Villager (Male) |
| 25:28 | Create | Villager (Male) |
| 25:30 | Create | Villager (Male) |
| 25:30 | Create | Villager (Male) |
| 25:32 | Create | Villager (Male) |
| 25:32 | Create | Villager (Male) |
| 25:42 | Build | Farm |
| 25:43 | Build | Farm |
| 25:43 | Build | Farm |
| 25:51 | Build | Farm |
| 25:52 | Build | Farm |
| 25:52 | Build | Farm |
| 25:52 | Build | Farm |
| 25:52 | Build | Farm |
| 25:53 | Build | Farm |
| 26:00 | Build | Farm |
| 26:00 | Build | Farm |
| 26:00 | Build | Farm |
| 26:00 | Build | Farm |
| 26:01 | Build | Farm |
| 26:01 | Build | Farm |
| 26:01 | Build | Farm |
| 26:01 | Build | Farm |
| 26:02 | Build | Farm |
| 26:09 | Build | Mill |
Build order — Itadori
121 actions detected in the replay
| 0:21 | Build | House |
| 0:23 | Build | House |
| 0:32 | Create | Villager (Male) |
| 0:58 | Create | Villager (Male) |
| 0:59 | Create | Villager (Male) |
| 0:59 | Create | Villager (Male) |
| 2:22 | Create | Villager (Male) |
| 3:17 | Create | Villager (Male) |
| 4:07 | Create | Villager (Male) |
| 5:05 | Create | Villager (Male) |
| 5:25 | Create | Villager (Male) |
| 5:30 | Create | Villager (Male) |
| 5:38 | Build | House |
| 5:40 | Build | House |
| 6:29 | Create | Villager (Male) |
| 6:49 | Build | Mill |
| 7:11 | Build | Mining Camp |
| 8:10 | Create | Villager (Male) |
| 8:13 | Research | Feudal Age |
| 8:49 | Build | Lumber Camp |
| 9:43 | Create | Villager (Male) |
| 10:20 | Create | Villager (Male) |
| 10:45 | Age | Feudal Age |
| 11:08 | Create | Villager (Male) |
| 11:08 | Create | Villager (Male) |
| 11:27 | Build | Barracks |
| 11:34 | Create | Villager (Male) |
| 12:20 | Build | Blacksmith |
| 12:57 | Build | Farm |
| 13:04 | Create | Villager (Male) |
| 13:05 | Create | Villager (Male) |
| 13:07 | Create | Villager (Male) |
| 13:30 | Build | House |
| 13:31 | Build | House |
| 13:34 | Build | House |
| 13:36 | Build | House |
| 14:00 | Build | Farm |
| 14:26 | Build | Farm |
| 14:54 | Research | Scale Barding Armor |
| 15:00 | Create | Villager (Male) |
| 15:30 | Build | Lumber Camp |
| 16:00 | Build | Stable |
| 16:37 | Research | Double-Bit Axe |
| 16:47 | Build | Farm |
| 16:47 | Build | Farm |
| 16:47 | Build | Farm |
| 16:48 | Build | Farm |
| 16:48 | Build | Farm |
| 16:48 | Build | Farm |
| 17:28 | Create | Villager (Male) |
| 17:28 | Create | Villager (Male) |
| 17:28 | Create | Villager (Male) |
| 17:29 | Create | Villager (Male) |
| 18:14 | Build | Farm |
| 18:27 | Build | Farm |
| 18:50 | Build | Farm |
| 19:19 | Build | Farm |
| 20:20 | Research | Castle Age |
| 21:10 | Create | Villager (Male) |
| 23:00 | Age | Castle Age |
| 23:06 | Build | Town Center |
| 23:25 | Research | Husbandry |
| 23:30 | Build | Farm |
| 23:39 | Research | Bow Saw |
| 24:10 | Create | Knight |
| 24:10 | Create | Knight |
| 24:10 | Create | Knight |
| 25:58 | Create | Villager (Male) |
| 25:59 | Create | Villager (Male) |
| 25:59 | Create | Villager (Male) |
| 25:59 | Create | Villager (Male) |
| 26:12 | Research | Gold Mining |
| 26:17 | Create | Spearman |
| 26:21 | Research | Squires |
| 26:51 | Research | Pikeman (upgrade) |
| 26:52 | Create | Spearman |
| 26:53 | Create | Spearman |
| 26:53 | Create | Spearman |
| 27:02 | Build | Farm |
| 27:24 | Build | Farm |
| 27:37 | Create | Villager (Male) |
| 27:37 | Create | Villager (Male) |
| 27:40 | Create | Villager (Male) |
| 27:40 | Create | Villager (Male) |
| 27:48 | Create | Spearman |
| 28:12 | Build | Farm |
| 28:23 | Create | Spearman |
| 28:23 | Create | Spearman |
| 28:23 | Create | Spearman |
| 28:24 | Create | Spearman |
| 28:38 | Create | Villager (Male) |
| 29:09 | Create | Spearman |
| 29:09 | Create | Spearman |
| 29:10 | Create | Spearman |
| 29:10 | Create | Spearman |
| 29:10 | Create | Spearman |
| 29:10 | Create | Spearman |
| 29:10 | Create | Spearman |
| 29:41 | Research | Scale Mail Armor |
| 30:21 | Create | Knight |
| 30:22 | Create | Knight |
| 30:22 | Create | Knight |
| 30:22 | Create | Knight |
| 30:28 | Create | Spearman |
| 30:39 | Build | House |
| 30:40 | Build | House |
| 30:42 | Build | House |
| 30:43 | Build | House |
| 31:15 | Research | Wheelbarrow |
| 31:55 | Research | Chain Mail Armor |
| 32:49 | Create | Spearman |
| 32:50 | Create | Spearman |
| 32:50 | Create | Spearman |
| 32:50 | Create | Spearman |
| 32:50 | Create | Spearman |
| 32:51 | Create | Spearman |
| 32:51 | Create | Spearman |
| 32:51 | Create | Spearman |
| 32:51 | Create | Spearman |
| 36:08 | Research | Forging |
| 37:29 | Create | Spearman |
Match timeline
| 10:14 | zab_crew · first_building Barracks |
| 10:34 | Koatí · first_building Barracks |
| 10:45 | Itadori · age_up feudal |
| 11:15 | Koatí · age_up feudal |
| 11:27 | Itadori · first_building Barracks |
| 11:41 | Koatí · first_building Stable |
| 12:42 | anoastral · first_building Barracks |
| 15:32 | Koatí · age_up castle |
| 16:00 | Itadori · first_building Stable |
| 16:19 | zab_crew · first_building Stable |
| 17:39 | anoastral · age_up feudal |
| 18:17 | Koatí · first_building Monastery |
| 19:20 | anoastral · first_market_buy 100 food |
| 20:42 | anoastral · first_building Stable |
| 22:06 | anoastral · age_up castle |
| 23:00 | Itadori · age_up castle |
| 25:43 | anoastral · first_market_sell 100 stone |
| 26:05 | anoastral · first_building Castle |
| 27:01 | anoastral · first_building Monastery |
| 28:11 | zab_crew · first_building Castle |
| 29:35 | zab_crew · first_building Siege Workshop |
| 29:44 | anoastral · first_building Archery Range |
| 30:20 | Koatí · first_building Siege Workshop |
| 31:59 | Koatí · age_up imperial |
| 34:13 | anoastral · first_building Siege Workshop |
| 35:25 | Koatí · first_building Archery Range |
| 36:17 | Koatí · first_market_sell 100 food |
| 36:31 | Koatí · first_market_buy 100 wood |
| 37:47 | Itadori · resign |
| 45:18 | anoastral · age_up imperial |
| 47:07 | Koatí · first_building Castle |
[ AI ANALYSIS · 1 CREDIT ]
What really happened in this match?
Wolo.gg analyzes every decision: build order, eco, micro, common mistakes by bracket. Personalized analysis on WhatsApp or Discord in 30 seconds.
Civ guide
Burgundians
Perfil
Jugador #3370892